AoeStats
← thomas89671173

Nomad

510660040Analyzed
4v4 RM · 19h ago on Oct 2, 2026· 64m 4s· 8 players
Game mode
Random Map
Map size
231×231
Population
200
Speed
Normal
Resources
Standard
Victory
Conquest
Starting age
Dark Age
Ending age
Imperial Age
RankedLock teamsTeams togetherTeam positionsShared explorationLock speedFull tech treeHidden civsTurbo modeCheats
Victory
Defeat
🇦🇷 Berbers · Argentina
1533
+11
1489
+13
🇨🇴 Tatars · Colombia
1280
+21
🇦🇷 Vietnamese · Argentina
1245
+24
🇦🇷 Varangians · Argentina
1458
-19
🇭🇰 Danes · Hong Kong SAR China
1420
-18
🇹🇼 Japanese · Taiwan
1405
-17
🇨🇳 Huns · China
1362
-15
AiM | Alexander the conqueror
11:53 Feudal Age
10:40 Loom
13:40 Fletching
21:05 Castle Age
21:10 Crossbowman
21:52 Bodkin Arrow
21:53 Horse Collar
22:26 Double-Bit Axe
23:14 Ballistics
24:41 Bow Saw
27:23 Town Watch
37:49 Imperial Age
35:51 Heavy Plow
36:26 Wheelbarrow
36:29 Thumb Ring
39:47 Chemistry
39:18 Bracer
39:10 Arbalester
40:13 Hand Cart
43:06 Padded Archer Armor
44:48 Elite Elephant Archer
46:26 Conscription
47:22 Medical Corps
48:10 Leather Archer Armor
48:43 Stone Mining
48:43 Gold Mining
50:12 Ring Archer Armor
54:39 Clinker Construction
54:39 Careening
54:32 Husbandry
55:53 Carvel Hull
56:57 Dry Dock
60:16 Spies/Treason
61:44 Shipwright
Cleryus
5:01 Loom
12:38 Feudal Age
14:36 Double-Bit Axe
14:53 Town Watch
17:20 Fletching
24:42 Castle Age
23:37 Horse Collar
23:50 Stone Mining
33:50 Bow Saw
34:44 Bloodlines
34:35 Husbandry
36:50 Scale Barding Armor
37:33 Forging
39:37 Wheelbarrow
39:41 Iron Casting
44:50 Imperial Age
43:34 Chain Barding Armor
48:27 Chain Barding Armor
48:02 Light Cavalry
49:55 Hand Cart
49:42 Heavy Plow
50:39 Town Patrol
50:10 Hussar
52:23 Plate Barding Armor
52:49 Blast Furnace
53:30 Conscription
53:54 Bodkin Arrow
60:06 Demolition Ship
Datas
5:53 Loom
14:22 Feudal Age
18:47 Castle Age
17:25 Double-Bit Axe
18:32 Fletching
26:56 Wheelbarrow
26:06 Town Watch
27:43 Bow Saw
27:22 Horse Collar
31:39 Hand Cart
31:52 Heavy Plow
31:45 Gold Mining
31:46 Stone Mining
35:39 Squires
36:54 Pikeman
39:20 Bodkin Arrow
39:25 Padded Archer Armor
39:26 Scale Mail Armor
39:36 Forging
40:33 Ballistics
43:07 Imperial Age
41:13 Thumb Ring
43:43 Leather Archer Armor
43:44 Chain Mail Armor
44:04 Iron Casting
43:21 Arson
43:58 Halberdier
44:47 Bracer
46:34 Elite Rattan Archer
47:18 Elite Fire Lancer
49:19 Elite Rattan Archer
50:13 Town Patrol
51:30 Plate Mail Armor
51:32 Ring Archer Armor
55:17 Capped Ram
64:06 Chemistry
62:57 Heated Shot
63:20 Clinker Construction
63:21 Careening
63:06 Treadmill Crane
Ronin Charles
4:31 Loom
12:29 Feudal Age
12:58 Double-Bit Axe
15:11 Fletching
22:07 Castle Age
20:20 Horse Collar
22:50 Town Watch
23:22 Bow Saw
25:54 Bodkin Arrow
27:08 Padded Archer Armor
27:10 Husbandry
31:17 Bloodlines
31:51 Ballistics
37:26 Heavy Plow
39:59 Imperial Age
38:59 Leather Archer Armor
40:56 Bracer
42:01 Chemistry
41:12 Masonry
41:06 Elite Camel Archer
42:21 Ring Archer Armor
44:48 Conscription
47:45 Thumb Ring
48:34 Herbal Medicine
51:33 Siege Engineers
54:36 Gold Mining
57:50 Maghrebi Camels
59:17 Wheelbarrow
59:48 Spies/Treason
62:10 Fervor
班长
3:33 Loom
14:56 Feudal Age
19:29 Castle Age
18:19 Double-Bit Axe
20:16 Scale Barding Armor
21:21 Forging
21:58 Husbandry
27:43 Chain Barding Armor
30:32 Bow Saw
31:33 Bloodlines
31:18 Gold Mining
31:38 Fletching
41:18 Iron Casting
44:08 Imperial Age
47:29 Plate Barding Armor
47:40 Wheelbarrow
48:08 Gold Shaft Mining
47:08 Cavalier
48:36 Horse Collar
51:48 Hand Cart
51:13 Paladin
54:02 Blast Furnace
thomas89671173
6:03 Loom
14:04 Feudal Age
15:33 Double-Bit Axe
15:50 Fletching
18:24 Gold Mining
21:29 Castle Age
20:21 Padded Archer Armor
21:32 Elite Skirmisher
22:47 Bodkin Arrow
23:15 Bow Saw
23:05 Fishing Lines
24:43 Leather Archer Armor
25:41 Gillnets
26:58 Wheelbarrow
31:52 Hand Cart
34:42 Medium Warships
39:01 Imperial Age
37:07 Yasama
37:04 Guard Tower
38:44 Treadmill Crane
39:25 Ballistics
39:18 Masonry
39:06 Stone Mining
39:10 Town Watch
43:10 Chemistry
42:47 Keep
47:06 Gold Shaft Mining
the_Mandalorian
5:13 Loom
14:06 Feudal Age
18:35 Castle Age
16:24 Double-Bit Axe
16:49 Fishing Lines
19:42 Bow Saw
20:59 Fletching
30:59 Forging
33:23 Iron Casting
35:16 Scale Barding Armor
36:20 Arson
36:36 Scale Mail Armor
39:30 Chain Barding Armor
42:07 Chain Mail Armor
41:49 Bodkin Arrow
48:59 Imperial Age
47:05 Wheelbarrow
明月清风
6:24 Loom
13:59 Feudal Age
17:15 Forging
16:59 Double-Bit Axe
18:31 Gold Mining
23:00 Castle Age
21:58 Fletching
24:32 Bow Saw
25:49 Bodkin Arrow
25:42 Fishing Lines
31:48 Imperial Age
30:04 Gillnets
30:19 Scale Mail Armor
30:06 Horse Collar
30:17 Stone Mining
32:29 Wheelbarrow
32:51 Onager
34:14 Squires
34:39 Conscription
34:43 Pikeman
35:49 Chain Mail Armor
36:31 Hamask
37:43 Plate Mail Armor
37:49 Iron Casting
38:07 Halberdier
38:53 Elite Varangian Guard
41:21 Blast Furnace
40:56 Siege Engineers
41:32 Northmen's Fury
42:30 Arson
44:33 Heavy Plow
45:10 Gold Shaft Mining
45:43 Siege Onager
48:57 Bracer
48:57 Padded Archer Armor
49:59 Chemistry
49:20 Ballistics
49:20 Crossbowman
50:06 Thumb Ring
51:03 Leather Archer Armor
Connection lost

Rejoining the realm…

Still unreachable

The connection could not be restored.

Session expired

The server has moved on; the page needs a fresh start.